 Dungeon Sprint DCSS version bcrawl-1.21 (webtiles) character file.

Game seed: 5008996331116373051

1162 Freyura the Basher (level 8, -14/55 HPs)
             Began as a Gargoyle Fighter on Feb 9, 2020.
             Was a Follower of Makhleb.
             Demolished by a deep troll (20 damage)
             ... in the Dungeon (Sprint I: "Red Sonja").
             The game lasted 00:04:36 (808 turns).

Freyura the Basher (Gargoyle Fighter)                Turns: 808, Time: 00:04:36

Health: -14/55     AC: 13    Str: 19    XL:     8   Next: 39%
Magic:  11/11      EV: 11    Int: 10    God:    Makhleb [*.....]
Gold:   616        SH: 11    Dex: 11    Spells: 7/7 levels left

rFire    . . .     SeeInvis .   a - +0 flail
rCold    . . .     Gourm    .   c - +0 shield
rNeg     + . .     Faith    .   b - +0 scale mail
rPois    ∞         Spirit   .   (no helmet)
rElec    +         Reflect  .   (no cloak)
rCorr    .         Harm     .   (no gloves)
MR       .....     NoTele   +   (no boots)
Stlth    ..........             (no amulet)
HPRegen  0.18/turn              (no ring)
MPRegen  0.12/turn              (no ring)

@: no status effects
A: negative energy resistance 1, electricity resistance, unbreathing,
petrification resistance, rot immunity, AC +5
a: Renounce Religion


You were in the Dungeon.
You worshipped Makhleb.
Makhleb was aware of your devotion.
You were not hungry.

You visited 1 branch You collected 616 gold pieces.

Inventory:

Hand Weapons
 a - a +0 flail (weapon)
Armour
 b - a +0 scale mail (worn)
 c - a +0 shield (worn)
Wands
 d - a wand of iceblast (4)
 j - a wand of random effects (7)
 l - a wand of polymorph (9)
Scrolls
 k - 2 scrolls of blinking
 n - a scroll of identify {unknown}
Potions
 f - 3 potions of curing
 g - a potion of heal wounds
 h - a potion of haste
 i - 2 potions of magic
 m - a potion of degeneration {unknown}
Comestibles
 e - a ration {!d}


   Skills:
 + Level 8.6 Fighting
 * Level 10.4 Maces & Flails
 + Level 8.6 Armour
 + Level 5.9 Dodging
 + Level 8.5 Shields
 + Level 4.4 Invocations


You had 7 spell levels left.
You didn't know any spells.
Your spell library was empty.

Dungeon Overview and Level Annotations

Branches:
Dungeon (1/1)

Altars:
Cheibriados
Dithmenos
Elyvilon
Fedhas
Gozag
Hepliaklqana
Kikubaaqudgha
Lugonu
Makhleb
Nemelex Xobeh
Okawaru
Qazlal
Ru
Sif Muna
Trog
Uskayaw
Vehumet
Wu Jian
Xom
Yredelemnul
Zin
The Shining One
Jiyva

Shops:
D }


Innate Abilities, Weirdness & Mutations

You are resistant to torment.
Your stone body is resilient. (AC +5)
You are immune to poison.
You resist negative energy. (rN+)
You are resistant to electric shocks. (rElec)
You can survive without breathing.
You are immune to petrification.
You are immune to rotting.


Message History

You hit the deep troll but do no damage.
The deep troll is moderately wounded.
You hit the deep troll but do no damage.
The deep troll is moderately wounded.
The deep troll bites you! You block the deep troll's attack.
The deep troll claws you!
You closely miss the deep troll.
The deep troll is moderately wounded.
You block the deep troll's attack. The deep troll claws you.
The deep troll claws you!
* * * LOW HITPOINT WARNING * * *
You hit the deep troll.
The deep troll is moderately wounded.
The deep troll bites you.
* * * LOW HITPOINT WARNING * * *
The deep troll barely misses you. x2
You hit the deep troll.
The deep troll is moderately wounded.
The deep troll bites you!!
You die...

#..#####'#####'#__#
#..####..#...#.####
#..#__####..##.#
#..#_____##'#_.+
#⌠⌠#_.∩...'..._#
####_..__##_.#'#
#_____###'#.#
#########.####+###
+..@T$$.$$+
#.).####### ###.###
#.#'#.# #.....#
#..)..# #######


You could see a deep troll.

Vanquished Creatures
  Sonja (D)
  A slime creature (D)
  Sigmund (D)
  A yak (D)
  An ogre (D)
  A jelly (D)
  Ijyb (D)
  3 ballistomycetes (D)
10 creatures vanquished.

Vanquished Creatures (others)
  A gargoyle (D)
  2 ballistomycete spores (D)
3 creatures vanquished.

Grand Total: 13 creatures vanquished

Notes
Turn   | Place    | Note
-------+----------+-------------------------------------------
     0 | D        | Freyura the Gargoyle Fighter began the quest for the Orb.
     0 | D        | Reached XP level 1. HP: 14/14 MP: 1/1
     1 | D        | Noticed Ijyb
    25 | D        | Killed Ijyb
    25 | D        | Reached skill level 3 in Maces & Flails
    25 | D        | Reached skill level 1 in Dodging
    25 | D        | Reached XP level 2. HP: 1/20 MP: 2/2
    25 | D        | Reached XP level 3. HP: 1/24 MP: 3/3
   298 | D        | Noticed an ogre
   306 | D        | Killed an ogre
   306 | D        | Reached skill level 5 in Fighting
   306 | D        | Reached skill level 5 in Maces & Flails
   306 | D        | Reached skill level 5 in Armour
   306 | D        | Reached skill level 5 in Shields
   306 | D        | Reached XP level 4. HP: 31/31 MP: 4/4
   320 | D        | Noticed Sigmund
   335 | D        | Killed Sigmund
   335 | D        | Reached skill level 7 in Maces & Flails
   335 | D        | Reached XP level 5. HP: 15/37 MP: 5/5
   335 | D        | Reached XP level 6. HP: 18/42 MP: 6/6
   397 | D        | Killed a gargoyle
   503 | D        | Found a burning altar of Makhleb.
   503 | D        | Found a viscous altar of Jiyva.
   503 | D        | Found a shimmering altar of Xom.
   503 | D        | Found a corrupted altar of Lugonu.
   503 | D        | Noticed a slime creature
   512 | D        | Killed a slime creature
   512 | D        | Reached skill level 8 in Maces & Flails
   512 | D        | Reached XP level 7. HP: 42/48 MP: 7/7
   516 | D        | Became a worshipper of Makhleb the Destroyer
   520 | D        | Found an ornate altar of the Wu Jian Council.
   520 | D        | Found a shimmering blue altar of Sif Muna.
   522 | D        | Found a radiant altar of Vehumet.
   530 | D        | Found Weeg's Gadget Emporium.
   530 | D        | Found an ancient bone altar of Kikubaaqudgha.
   530 | D        | Found a hazy altar of Hepliaklqana.
   530 | D        | Found a stormy altar of Qazlal.
   530 | D        | Found a hide-covered altar of Uskayaw.
   530 | D        | Found a blossoming altar of Fedhas.
   530 | D        | Found a bloodstained altar of Trog.
   530 | D        | Found an iron altar of Okawaru.
   530 | D        | Found a basalt altar of Yredelemnul.
   530 | D        | Found a glowing golden altar of the Shining One.
   530 | D        | Found a snail-covered altar of Cheibriados.
   530 | D        | Found a sacrificial altar of Ru.
   530 | D        | Found a glowing silver altar of Zin.
   530 | D        | Found a shadowy altar of Dithmenos.
   530 | D        | Found a white marble altar of Elyvilon.
   530 | D        | Noticed a yak
   535 | D        | Killed a yak
   535 | D        | Reached skill level 9 in Maces & Flails
   535 | D        | Reached skill level 5 in Dodging
   536 | D        | Found an opulent altar of Gozag.
   537 | D        | Found a sparkling altar of Nemelex Xobeh.
   613 | D        | Noticed Sonja
   615 | D        | Killed Sonja
   615 | D        | Reached * piety under Makhleb
   615 | D        | Reached skill level 10 in Maces & Flails
   615 | D        | Reached XP level 8. HP: 55/55 MP: 8/11
   797 | D        | Noticed a deep troll
   808 | D        | Demolished by a deep troll

Skill      XL: |  1  2  3  4  5  6  7 |
---------------+----------------------+-----
Fighting       | 4 5 6 7 8 |  8.6
Maces & Flails | 3 5 7 8 10 | 10.4
Armour         | 4 5 6 7 8 |  8.6
Dodging        | 1 2 4 5 |  5.9
Shields        | 4 5 6 7 8 |  8.5
Invocations    | 4 |  4.4

Action                   |  1- 3 |  4- 6 |  7- 9 || total
-------------------------+-------+-------+-------++-------
Melee: Unarmed           |    12 |       |       ||    12
       Flail             |    18 |    15 |    27 ||    60
Evoke: Wand              |       |       |     4 ||     4
  Use: Potion            |     1 |     1 |       ||     2
Armor: Scale mail        |     5 |     2 |     3 ||    10
Dodge: Dodged            |     7 |     4 |     7 ||    18
Block: Shield            |     4 |     7 |     8 ||    19
